 Dungeon Crawl Stone Soup version 0.30.0-13-g156ef70053 (webtiles) character file.

Game seed: 16256428097804538899

57443 dialectric the Tortoise (level 14, -2/77 HPs)
             Began as a Vine Stalker Fighter on May 17, 2023.
             Was the Champion of Ru.
             Drowned by a drowned soul (8 damage)
             ... summoned by a merfolk avatar
             ... on level 5 of the Lair of Beasts.
             The game lasted 00:37:43 (17510 turns).

dialectric the Tortoise (Vine Stalker Fighter)     Turns: 17510, Time: 00:37:44

Health: -2/77      AC: 34    Str: 22    XL:     14   Next: 86%
Magic:  0/15       EV: 11    Int: 11    God:    Ru [******]
Gold:   1671       SH:  6    Dex: 19    Spells: 13/13 levels left

rFire   x . .        H - +6 long sword (flame)
rCold   x . .        c - +0 buckler
rNeg    + . .        K - +0 crystal plate armour
rPois   .            F - +2 hat
rElec   .            l - +2 cloak
rCorr   .            s - +0 pair of gloves
SInv    .            y - +2 pair of boots
Will    +....        (no amulet) Stlth
                     z - +6 ring of dexterity
HPRegen 1.12/turn    M - ring of Optimism {rN+ EV+5 Int+3 Dex-3}
MPRegen 0.14/turn

%: guardian spirit
@: mesmerised, very slow
A: fangs 3, regeneration 1, magic shield, antimagic bite, no potion heal 2, no
stealth, inability to use devices, no hexes magic, no poison magic, no
translocations magic, disrupted magic 1, temperature sensitive
a: Renounce Religion, Draw Out Power, Power Leap, Apocalypse


You were on level 5 of the Lair of Beasts.
You worshipped Ru.
Ru was exalted by your worship.
You visited 4 branches of the dungeon, and saw 22 of its levels.
You also visited: Gauntlet.

You collected 1939 gold pieces.
You spent 268 gold pieces at shops.

Inventory:

Hand Weapons
 j - a +4 dagger of venom
 H - a +6 long sword of flaming (weapon)
Missiles
 A - 25 poisoned darts (quivered)
Armour
 b - the +0 cloak "Oveoggat" {-Cast rPois rCorr Stlth+}
   (You found it in a Gauntlet)

   rPois:     It protects you from poison.
   -Cast:     It prevents spellcasting.
   rCorr:     It protects you from acid and corrosion.
   Stlth:     It makes you more stealthy.
 c - a +0 buckler (worn)
 l - a +2 cloak (worn)
 s - a +0 pair of gloves (worn)
 v - a +0 helmet
 y - a +2 pair of boots (worn)
 F - a +2 hat (worn)
 K - a +0 crystal plate armour (worn)
Jewellery
 r - a ring of see invisible
 w - a ring of resist corrosion
 z - a +6 ring of dexterity (left hand)
 E - a +4 ring of protection
 M - the ring of Optimism (right hand) {rN+ EV+5 Int+3 Dex-3}
   (You found it in a Gauntlet)

   [ring of evasion]

   EV:        It affects your evasion (+5).
   Int:       It affects your intelligence (+3).
   Dex:       It affects your dexterity (-3).
   rN:        It protects you from negative energy.
 N - the ring "Fuadiq" {Fly rF- Str+3 Int+3 Dex+6}
   (You found it in a Gauntlet)

   [ring of dexterity]

   Str:       It affects your strength (+3).
   Int:       It affects your intelligence (+3).
   Dex:       It affects your dexterity (+6).
   rF:        It makes you vulnerable to fire.
   Fly:       It grants you flight.
Scrolls
 d - a scroll of enchant armour
 g - 12 scrolls of identify
 h - 8 scrolls of teleportation
 i - 3 scrolls of vulnerability
 m - 4 scrolls of amnesia
 o - 3 scrolls of blinking
 t - a scroll of magic mapping
 L - a scroll of fear
 P - a scroll of fog
Potions
 a - 3 potions of ambrosia {unknown}
 e - 11 potions of curing
 f - 2 potions of attraction
 k - 2 potions of might
 n - 3 potions of lignification {unknown}
 p - 5 potions of mutation
 q - 6 potions of heal wounds {unknown}
 x - 6 potions of brilliance {unknown}
 B - 3 potions of resistance {unknown}
 C - 2 potions of flight {unknown}
 D - 2 potions of invisibility {unknown}
 G - a potion of cancellation {unknown}
 J - a potion of magic {unknown}


   Skills:
 + Level 10.3 Fighting
 + Level 9.6(11.5) Short Blades
 + Level 10.1(11.7) Long Blades
 - Level 2.1 Throwing
 + Level 15.1 Armour
 - Level 4.0 Dodging
 + Level 7.5 Shields


You had 13 spell levels left.
You didn't know any spells.
Your spell library contained the following spells:

 Spells                   Type           Power      Damage    Failure   Level
 Sandblast                Erth           0%         2d4       100%        1
 Summon Small Mammal      Summ           0%         N/A       100%        1
 Passwall                 Tmut/Erth      0%         N/A       100%        2
 Static Discharge         Conj/Air       0%         2-2/arc   100%        2
 Call Canine Familiar     Summ           0%         N/A       100%        3
 Stone Arrow              Conj/Erth      0%         3d7       100%        3
 Airstrike                Air            0%         2d(0-16)  100%        4
 Summon Lightning Spire   Summ/Air       0%         N/A       100%        4
 Freezing Cloud           Conj/Ice/Air   0%         6-21      100%        5
 Starburst                Conj/Fire      0%         6d3       100%        6
 Cigotuvi's Dreadful Rot  Necr/Pois/Air  Unusable   N/A       N/A         2
 Ensorcelled Hibernation  Hex/Ice        Unusable   N/A       N/A         2
 Dazzling Flash           Conj/Hex       Unusable   N/A       N/A         3
 Ignite Poison            Fire/Tmut/Pois Unusable   N/A       N/A         3
 Spider Form              Tmut/Pois      Unusable   N/A       N/A         3
 Summon Guardian Golem    Hex/Summ       Unusable   N/A       N/A         3
 Volatile Blastmotes      Fire/Tloc      Unusable   2d10      N/A         3
 Anguish                  Hex/Necr       Unusable   N/A       N/A         4
 Iskenderun's Mystic Bla  Conj/Tloc      Unusable   2d3       N/A         4

Dungeon Overview and Level Annotations

Branches:
Dungeon (14/15)            Temple (0/1) D:6            Lair (5/5) D:8
  Swamp (0/4) Lair:3       Spider (1/4) Lair:2          Orc (2/2) D:12
    Elf (0/3) Orc:2       Gauntlet (visited)
  Slime: Lair:4-5    Vaults: D:13-14

Altars:
Ashenzari
Cheibriados
Dithmenos
Gozag
Makhleb
Nemelex Xobeh
Ru
Sif Muna
Trog
Vehumet
Xom
Yredelemnul

Shops:
D:1 !   D:3 (   D:11 *   Orc:1 **

Annotations:
D:7 2 transporters, avangion's ghost, novice DECj
D:9 1 runed translucent door, turdburglar's ghost, novice TrFi
Orc:2 Snorg


Innate Abilities, Weirdness & Mutations

You have razor-sharp teeth.
Your natural rate of healing is unusually fast.
When hurt, damage is shared between your health and your magic reserves.
Your bite disrupts and absorbs the magic of your enemies.
Potions cannot restore your health.
You cannot be stealthy.
You cannot study or use magical devices.
You cannot study or cast Hexes magic.
You cannot study or cast Poison magic.
You cannot study or cast Translocations magic.
Your casting is slightly disrupted.
You are sensitive to extremes of temperature. (rF-, rC-)


Message History

The merfolk avatar's magic leaks into the air.
You drain its magic.
You feel invigorated.
The merfolk avatar is lightly wounded.
The merfolk avatar chants its luring song.
Your unstable footing causes you to fumble your attack.
The merfolk avatar's magic is no longer disrupted.
The merfolk avatar begins to cast a spell, but is stunned by your conviction!
Unknown command.
Your unstable footing causes you to fumble your attack.
You redirect the merfolk avatar's attack!
You block the drowned soul's attack.
Your unstable footing causes you to fumble your attack.
The merfolk avatar chants its luring song.
The drowned soul touches you. The drowned soul drowns you!
* * * LOW HITPOINT WARNING * * *
You slash the merfolk avatar! You burn the merfolk avatar.
Your bite misses the merfolk avatar.
The merfolk avatar is lightly wounded.
The merfolk avatar begins to cast a spell, but is stunned by your conviction!
You hit the merfolk avatar. You burn the merfolk avatar.
Your bite misses the merfolk avatar.
The merfolk avatar is lightly wounded.
The drowned soul touches you. The drowned soul drowns you!
* * * LOW HITPOINT WARNING * * *
The drowned soul touches you. The drowned soul drowns you!
* * * LOW HITPOINT WARNING * * *
The merfolk avatar begins to cast a spell, but is stunned by your conviction!
As you read the scroll of fear, it crumbles to dust.
You assume a fearsome visage.
The drowned soul is unaffected. x2
The merfolk avatar easily resists.
The drowned soul is stunned by your conviction and fails to attack.
The merfolk avatar chants its luring song.
The drowned soul is stunned by your conviction and fails to attack.
Unknown command.
You barely miss the merfolk avatar. You bite the merfolk avatar.
The merfolk avatar's magic leaks into the air.
You drain its magic.
You feel invigorated.
The merfolk avatar is moderately wounded.
The drowned soul touches you. The drowned soul drowns you!
You die...

#.##~~~#~~##~~~~~P##~~##~.P#~....
~~~~~P~~~~~~P~..~~~~~~~~~~~~.....
~.~~~~~~.~~~~~~~~~~~~~PP~~~~~....
.~~P~#######~############~##~....
P~##~#~~8#⌠~~~~~~~~⌠#8~~#~#~.....
P.~~~~~.~#~~~~~~~P~~#~#~~~~h~....
.~~~~~~~P#~~~~~~~~~~#~~~#~~~~....
~.##~~~..#.~~#####8~#.#~#~~~.....
.~##~#~~.#.~#![W@#.~~~~~#.~#.....
~~~~~..~~~~~~!Wm!'~~~.8~~~~~~....
~~~.~~~.~#~~#!≈≈!'~~~.8~~~~P.....
#~~~~~~~~##~#?)/$#~~~P~~#~##†....
~~##~~P~.#.~##~#~#8~#.#~#~~~.....
P~~.~~~.~#~~~.~~~~~~#~~~#~P~.....
..~~~~~~~#~.~~~~~~~~#~~~~~~~~....
.~~~~#~~8#⌠~~~~~~~~⌠#.~~#~~#~....
~~~#~##~##############.##~#~~...#


You could see a merfolk avatar (mesmerising, magic disrupted) and 2 drowned
souls.

Vanquished Creatures
  Rupert (Lair:3)
  A quicksilver ooze (Gauntlet)
  A minotaur (Gauntlet)
  3 hydras
  A catoblepas (Lair:4)
  2 boulder beetles
  6 two-headed ogres
  8 death yaks
  Nergalle (D:11)
  A wretched star (Gauntlet)
  Sonja (Lair:2)
  4 skysharks
  A sea snake (Lair:5)
  An orc knight (Orc:1)
  3 manticores
  3 ugly things
  9 elephants
  3 cyclopes
  A black mamba (Lair:3)
  A demonic crawler (Lair:2)
  4 gargoyles
  12 cane toads
  A minotaur zombie (Gauntlet)
  Psyche (D:11)
  9 komodo dragons
  7 trolls
  5 polar bears
  2 wind drakes (Lair:5)
  A hornet (Lair:5)
  Prince Ribbit (D:9)
  18 blink frogs
  A raiju (Gauntlet)
  Sigmund (D:2)
  2 culicivoras (Lair:2)
  5 wyverns
  2 slime creatures (D:13)
  50 yaks
  3 wraiths
  4 steam dragons
  A vampire mosquito (Lair:3)
  4 wargs (Orc:1)
  3 acid dragons
  11 water moccasins
  3 ice beasts
  2 swamp drakes (Lair:3)
  17 orc warriors
  6 black bears
  4 ogres
  A sky beast (D:8)
  5 centaurs
  A phantom (D:5)
  2 kobold brigands
  A gnoll sergeant (D:10)
  4 scorpions
  7 bullfrogs
  15 wights
  9 killer bees
  An electric eel (Lair:1)
  2 howler monkeys
  6 hounds
  Crazy Yiuf (D:2)
  3 jellies
  15 orc priests
  A gnoll bouda (D:7)
  Jessica (D:2)
  4 iguanas
  25 orc wizards
  A small abomination (Gauntlet)
  Robin (D:3)
  13 gnolls
  6 adders
  3 shadow imps
  4 white imps
  2 ufetubi
  3 worms
  6 dart slugs
  62 orcs
  8 ball pythons
  6 endoplasms
  6 giant cockroaches
  19 goblins
  15 hobgoblins
  12 jackals
  12 kobolds
  4 quokkas
  7 bats
  2 frilled lizards
  4 rats
  A spectral orc (D:10)
533 creatures vanquished.

Vanquished Creatures (others)
  A boulder beetle (D:13)
  A manticore (D:12)
  A blink frog (Lair:4)
  A slime creature (D:13)
  2 yaks
  A vampire mosquito (Lair:3)
  A warg (Orc:2)
  A water moccasin (D:7)
  A howler monkey (D:9)
  An orc wizard (D:6)
  A ball python (D:3)
12 creatures vanquished.

Grand Total: 545 creatures vanquished

Notes
Turn   | Place    | Note
-------+----------+-------------------------------------------
     0 | D:1      | dialectric the Vine Stalker Fighter began the quest for the
                  | Orb.
     0 | D:1      | Reached XP level 1. HP: 11/11 MP: 2/2
   144 | D:1      | Found Gyomez's Distillery.
   146 | D:1      | Reached XP level 2. HP: 16/16 MP: 3/3
   250 | D:1      | Reached XP level 3. HP: 14/20 MP: 4/4
   437 | D:1      | Bought a potion of curing for 33 gold pieces
   462 | D:1      | You fall into a shaft and drop 1 floor!
   466 | D:2      | Noticed Sigmund
   473 | D:2      | Killed Sigmund
   474 | D:2      | Reached skill level 3 in Armour
   474 | D:2      | Gained mutation: Your natural rate of healing is unusually
                  | fast. [Vine Stalker growth]
   474 | D:2      | Reached XP level 4. HP: 18/25 MP: 2/5
   474 | D:2      | Reached XP level 5. HP: 20/28 MP: 2/6
   821 | D:2      | Found a faded altar of an unknown god.
   895 | D:2      | Prayed at the altar of an unknown god.
   895 | D:2      | Became a worshipper of Ru the Awakened
   905 | D:2      | Gained mutation: You cannot study or use magical devices.
                  | [Ru sacrifice]
   905 | D:2      | Reached * piety under Ru
   905 | D:2      | Reached ** piety under Ru
   925 | D:2      | Found a runed translucent door.
   925 | D:2      | Noticed Jessica
   927 | D:2      | Noticed Crazy Yiuf
   930 | D:2      | Killed Jessica
   931 | D:2      | Reached XP level 6. HP: 25/33 MP: 5/7
  1275 | D:2      | Killed Crazy Yiuf
  1276 | D:2      | Reached skill level 1 in Dodging
  1526 | D:3      | Noticed Robin
  1535 | D:3      | Killed Robin
  2182 | D:4      | Reached skill level 5 in Long Blades
  2255 | D:4      | Noticed a black bear
  2261 | D:4      | Found a bloodstained altar of Trog.
  2301 | D:4      | Killed a black bear
  2302 | D:4      | Reached XP level 7. HP: 23/37 MP: 4/8
  2308 | D:4      | Reached skill level 1 in Short Blades
  2334 | D:4      | Identified the +1 quarterstaff "Xyesuem" {spect, rN+ Int+2}
  2345 | D:3      | Reached skill level 4 in Armour
  2529 | D:4      | Gained mutation: You have razor-sharp teeth. [Vine Stalker
                  | growth]
  2529 | D:4      | Reached XP level 8. HP: 22/42 MP: 4/9
  2837 | D:5      | Entered Level 5 of the Dungeon
  2869 | D:5      | Reached skill level 5 in Armour
  2985 | D:5      | Gained mutation: You cannot be stealthy. [Ru sacrifice]
  2985 | D:5      | Reached *** piety under Ru
  3354 | D:5      | Reached XP level 9. HP: 46/46 MP: 10/10
  3662 | D:3      | Found Yxyk's Weapon Boutique.
  3971 | D:6      | Found a radiant altar of Vehumet.
  4000 | D:6      | Identified the +3 quarterstaff "Yskauj" {heavy, Will+ SInv}
  4081 | D:6      | Reached skill level 6 in Armour
  4221 | D:6      | Found a staircase to the Ecumenical Temple.
  4334 | D:7      | Reached skill level 5 in Fighting
  4386 | D:7      | Found a transporter.
  4391 | D:7      | Found a transporter.
  4414 | D:7      | Noticed a komodo dragon
  4428 | D:7      | Killed a komodo dragon
  4609 | D:7      | Noticed avangion's ghost (novice DECj)
  4778 | D:6      | Gained mutation: You cannot study or cast Poison magic. [Ru
                  | sacrifice]
  4778 | D:6      | Gained mutation: You cannot study or cast Hexes magic. [Ru
                  | sacrifice]
  4778 | D:6      | Gained mutation: You cannot study or cast Translocations
                  | magic. [Ru sacrifice]
  4778 | D:6      | Reached **** piety under Ru
  4806 | D:6      | Reached skill level 5 in Short Blades
  5832 | D:8      | Found an opulent altar of Gozag.
  5861 | D:8      | Reached skill level 7 in Armour
  5866 | D:8      | Reached XP level 10. HP: 53/53 MP: 11/11
  6262 | D:8      | Noticed a two-headed ogre
  6263 | D:8      | Found a staircase to the Lair.
  6272 | D:8      | Killed a two-headed ogre
  6297 | D:9      | Noticed Prince Ribbit
  6303 | D:9      | Killed Prince Ribbit
  6315 | D:10     | Entered Level 10 of the Dungeon
  6404 | D:9      | Found a runed translucent door.
  6405 | D:9      | Noticed turdburglar's ghost (novice TrFi)
  6477 | D:9      | Reached skill level 8 in Armour
  6688 | D:8      | Reached XP level 11. HP: 41/58 MP: 9/12
  6969 | Lair:1   | Entered Level 1 of the Lair of Beasts
  7174 | D:8      | Found a broken altar of Ashenzari.
  7263 | D:8      | Found a shimmering altar of Xom.
  7263 | D:8      | Found a shimmering altar of Xom.
  7263 | D:8      | Found a shimmering altar of Xom.
  7264 | D:8      | Found a shimmering altar of Xom.
  7265 | D:8      | Found a shimmering altar of Xom.
  7409 | D:9      | Noticed a two-headed ogre
  7501 | D:9      | Noticed a two-headed ogre
  7510 | D:9      | Killed a two-headed ogre
  7903 | D:10     | Found a sparkling altar of Nemelex Xobeh.
  7903 | D:10     | Found a shimmering blue altar of Sif Muna.
  7906 | D:10     | Found a shadowy altar of Dithmenos.
  8074 | D:10     | Reached skill level 9 in Armour
  8209 | D:10     | Reached skill level 5 in Shields
  8326 | D:9      | Killed a two-headed ogre
  8327 | D:9      | Reached skill level 1 in Throwing
  8630 | D:10     | Found a basalt altar of Yredelemnul.
  8673 | D:10     | Found a burning altar of Makhleb.
  8800 | D:11     | Found Guadoh's Changing Room.
  8809 | D:11     | Noticed a cyclops
  8850 | D:11     | Killed a cyclops
  8895 | D:11     | Noticed a cyclops
  8917 | D:11     | Killed a cyclops
  8991 | D:11     | Noticed a five-headed hydra
  9002 | D:11     | Killed a five-headed hydra
  9003 | D:11     | Reached XP level 12. HP: 57/64 MP: 13/13
  9304 | D:11     | Noticed Nergalle
  9326 | D:11     | Killed Nergalle
  9360 | D:11     | Noticed Psyche
  9364 | D:11     | Killed Psyche
 10428 | Lair:1   | Gained mutation: Your casting is slightly disrupted. [Ru
                  | sacrifice]
 10890 | Lair:2   | Found a hole to the Spider Nest.
 11021 | Lair:2   | Noticed a death yak
 11023 | Lair:2   | Noticed a death yak
 11023 | Lair:2   | Noticed a death yak
 11024 | Lair:2   | Noticed a death yak
 11024 | Lair:2   | Noticed a death yak
 11055 | Lair:1   | Killed a death yak
 11056 | Lair:1   | Reached skill level 10 in Armour
 11112 | Lair:2   | Noticed Sonja
 11120 | Lair:2   | Killed Sonja
 11282 | Lair:2   | Identified a scroll of acquirement
 11282 | Lair:2   | Acquired a manual of Armour
 11467 | Lair:2   | Reached XP level 13. HP: 40/69 MP: 9/14
 11619 | Lair:1   | Reached skill level 11 in Armour
 12084 | Lair:2   | Reached skill level 12 in Armour
 12533 | Lair:3   | Gained mutation: You are sensitive to extremes of
                  | temperature. (rF-, rC-) [Ru sacrifice]
 12533 | Lair:3   | Reached ***** piety under Ru
 12533 | Lair:3   | Reached ****** piety under Ru
 12634 | Lair:3   | Found a staircase to the Swamp.
 12748 | Lair:3   | Reached skill level 13 in Armour
 12772 | Lair:3   | Noticed Rupert
 13023 | Lair:4   | Found a gate leading to a gauntlet.
 13035 | Gauntlet | Entered a Gauntlet
 13035 | Gauntlet | Found a transporter.
 13035 | Gauntlet | Found a transporter.
 13036 | Gauntlet | Found a transporter.
 13039 | Gauntlet | Found a transporter.
 13039 | Gauntlet | Found a transporter.
 13039 | Gauntlet | Found a transporter.
 13041 | Gauntlet | Found a large runed translucent door.
 13042 | Gauntlet | Found a large runed translucent door.
 13043 | Gauntlet | Found a large runed translucent door.
 13043 | Gauntlet | Found a large runed translucent door.
 13043 | Gauntlet | Found a runed translucent door.
 13112 | Gauntlet | Found a large runed translucent door.
 13113 | Gauntlet | Found a large runed translucent door.
 13117 | Gauntlet | Identified the ring of Optimism {rN+ EV+5 Int+3 Dex-3}
 13142 | Gauntlet | Found a runed translucent door.
 13142 | Gauntlet | Found a large runed translucent door.
 13142 | Gauntlet | Found a large runed translucent door.
 13142 | Gauntlet | Found a large runed translucent door.
 13142 | Gauntlet | Found a large runed translucent door.
 13143 | Gauntlet | Found a large runed translucent door.
 13143 | Gauntlet | Found a large runed translucent door.
 13144 | Gauntlet | Found a large runed translucent door.
 13144 | Gauntlet | Found a large runed translucent door.
 13144 | Gauntlet | Found a large runed translucent door.
 13144 | Gauntlet | Found a large runed translucent door.
 13145 | Gauntlet | Found a runed translucent gate.
 13145 | Gauntlet | Found a runed translucent gate.
 13145 | Gauntlet | Found a runed translucent gate.
 13146 | Gauntlet | Found a transporter.
 13152 | Gauntlet | Found a transporter.
 13183 | Gauntlet | Identified the +0 cloak "Oveoggat" {-Cast rPois rCorr
                  | Stlth+}
 13201 | Gauntlet | Noticed a quicksilver ooze
 13208 | Gauntlet | Found a transporter.
 13216 | Gauntlet | Killed a quicksilver ooze
 13233 | Gauntlet | Identified the ring "Fuadiq" {Fly rF- Str+3 Int+3 Dex+6}
 13244 | Gauntlet | Found a transporter.
 13258 | Gauntlet | Noticed a minotaur
 13271 | Gauntlet | Killed a minotaur
 13272 | Gauntlet | Reached skill level 14 in Armour
 13802 | Lair:5   | Entered Level 5 of the Lair of Beasts
 13988 | Lair:5   | Reached XP level 14. HP: 76/76 MP: 15/15
 14214 | Lair:3   | Killed Rupert
 14570 | D:8      | Found a shimmering altar of Xom.
 15402 | D:13     | Reached skill level 10 in Fighting
 15484 | D:12     | Found a snail-covered altar of Cheibriados.
 15883 | D:12     | Found a staircase to the Orcish Mines.
 16002 | Orc:1    | Entered Level 1 of the Orcish Mines
 16002 | Orc:1    | You fall into a shaft and drop 1 floor!
 16002 | Orc:2    | Entered Level 2 of the Orcish Mines
 16016 | Orc:2    | Noticed an orc warlord
 16042 | Orc:2    | Found a staircase to the Elven Halls.
 16061 | Orc:1    | Found Gitz's General Store.
 16211 | Orc:1    | Bought a scroll of teleportation for 39 gold pieces
 16211 | Orc:1    | Bought a scroll of enchant armour for 97 gold pieces
 16345 | Orc:1    | Reached skill level 15 in Armour
 16378 | Orc:1    | Found Zagexud's Assorted Antiques.
 16451 | Orc:1    | Bought a scroll of teleportation for 99 gold pieces
 16517 | Orc:1    | Found a burning altar of Makhleb.
 16709 | Orc:2    | Noticed Snorg
 16881 | Spider:1 | Entered Level 1 of the Spider Nest
 17408 | Lair:5   | Reached skill level 10 in Long Blades
 17510 | Lair:5   | Drowned by a drowned soul

Illustrated notes

Levels and vault maps discovered:
D:1:      mushboom_english_gardens, layout_rooms, serial_shops,
          nicolae_shop_tiny_glass, minmay_pentomino_p4
D:2:      layout_loops_cross, shapermc_ecumenical_altar_pompeii,
          uniq_crazy_yiuf_cottage, uniq_jessica, uniq_sigmund
D:3:      layout_basic, serial_shops, shop, uniq_robin
D:4:      layout_cave_pools, trog_ov_bears_minmay, grunt_ministairs_12,
          minmay_ogre_servants
D:5:      layout_loops_ring
D:6:      layout_cave_pods, amcnicky_altar_gilded, minmay_temple_entry_slanted
D:7:      layout_basic, serial_bayou, serial_bayou_lagoon_a,
          serial_bayou_pond_a, serial_bayou_lake_a, serial_bayou_pond_c,
          gammafunk_ghost_arena
D:8:      layout_basic, xom_shifter_show, kennysheep_mini,
          nicolae_gozag_seed_capital, due_lair_maze_entry_diamond,
          minmay_misc_feat_tower
D:9:      layout_cave_pools, gammafunk_ghost_grave, uniq_prince_ribbit1
D:10:     layout_rooms, lemuel_tele_altar, minitemple,
          yredelemnul_forgotten_temple_becter, enter_bailey_8
D:11:     layout_loops_corners, nicolae_transmutations_shop, uniq_nergalle,
          uniq_psyche
D:12:     layout_loops_ring, orc_0_dummy, cheibriados_altar_1
D:13:     layout_roguey, nicolae_hexahallways
D:14:     minmay_swirls_squares, layout_irregular_city,
          minmay_misc_feat_secret_circle, guppyfry_shop_blood, uniq_frances
Lair:1:   layout_loops_ring, grunt_forest_small_clearing_treed,
          serial_bayou_shore_b, serial_bayou_shore_a
Lair:2:   layout_regular_city, hellmonk_spider_entry_life_and_decay,
          chequers_serial_rivers_micro_c, uniq_sonja
Lair:3:   layout_hall_layers, swamp_mist, pond, infiniplex_staircase_pool,
          uniq_rupert
Lair:4:   layout_roguey, gauntlet_entry_generic
Lair:5:   gammafunk_lair_ancient_temple, layout_hall_layers, slime_entry_1,
          lemuel_fruit_tree
Spider:1: layout_spider_delve
Orc:1:    layout_caves, basic_altar, serial_shops, nicolae_shop_statue_plus,
          nicolae_shop_window_shopping
Orc:2:    grunt_orc_gardens, layout_caves, grunt_orc_garden, grunt_orc_garden,
          grunt_orc_garden, grunt_orc_garden, uniq_snorg, uniq_azrael

Skill      XL: |  1  2  3  4  5  6  7  8  9 10 11 12 13 14 |
---------------+-------------------------------------------+-----
Fighting       | 3 4 5 6 7 8 9 10 | 10.3
Long Blades    | 2 4 5 7 10 | 10.1
Armour         | 3 4 5 7 8 9 10 14 15 | 15.1
Dodging        | 1 2 3 4 |  4.0
Short Blades   | 2 3 5 7 9 |  9.6
Shields        | 3 5 7 |  7.5
Throwing       | 1 2 |  2.1

Action                     |  1- 3 |  4- 6 |  7- 9 | 10-12 | 13-15 || total
---------------------------+-------+-------+-------+-------+-------++-------
  Melee: Long sword        |    84 |    35 |       |   156 |   506 ||   781
         Bite              |    18 |    54 |   143 |   386 |   482 ||  1083
         Punch             |       |     2 |     8 |     6 |       ||    16
         Dagger            |       |   155 |   368 |   689 |   513 ||  1725
  Throw: Dart              |       |       |     1 |     6 |    22 ||    29
 Invoke: Sacrifice Artific |       |     1 |       |       |       ||     1
         Sacrifice Stealth |       |       |     1 |       |       ||     1
         Sacrifice Arcana  |       |       |     1 |       |       ||     1
         Sacrifice Essence |       |       |       |     1 |       ||     1
         Sacrifice Resista |       |       |       |       |     1 ||     1
    Use: Potion            |     1 |       |     1 |       |       ||     2
         Scroll            |       |       |     5 |    12 |     9 ||    26
   Stab: Invisible         |       |     3 |     1 |     5 |     4 ||    13
         Distracted        |       |       |     1 |     4 |     4 ||     9
         Petrifying        |       |       |       |       |     1 ||     1
         Petrified         |       |       |       |       |     1 ||     1
         Paralysed         |       |       |       |       |     6 ||     6
 Armour: Scale mail        |    45 |    74 |   168 |   120 |       ||   407
         Crystal plate arm |       |       |       |   223 |   568 ||   791
         Steam dragon scal |       |       |       |    25 |       ||    25
  Dodge: Dodged            |    62 |   116 |   169 |   277 |   329 ||   953
  Block: Buckler           |       |       |       |    98 |   230 ||   328
